 Dungeon Crawl Stone Soup version 0.20.0-15-g7f486f2 (webtiles) character file.

248 greprep the Covert (level 6, -5/36 HPs)
             Began as an Octopode Enchanter on June 28, 2017.
             Was an Initiate of Sif Muna.
             Slain by Duvessa
             ... wielding a +0 short sword
              (10 damage)
             ... on level 4 of the Dungeon.
             The game lasted 00:06:39 (3050 turns).

greprep the Covert (Octopode Enchanter)             Turns: 3050, Time: 00:06:40

Health: -5/36      AC:  1    Str:  7    XL:     6   Next: 12%
Magic:  3/9        EV: 13    Int: 20    God:    Sif Muna [......]
Gold:   83         SH:  4    Dex: 16    Spells: 3/9 levels left

rFire    . . .     SeeInvis .   t - +7 whip "Ulaid" {venom, +Fly}
rCold    + . .     Gourm    .   u - +0 buckler
rNeg     . . .     Faith    .   (helmet restricted)
rPois    .         Spirit   .   (no amulet)
rElec    .         Reflect  .   l - +4 ring of dexterity
rCorr    .         Harm     .   w - ring of protection from cold
MR       .....                  (no ring)
Stlth    +++++.....             (no ring)
Regen    0.2/turn               (no ring)
MPRegen  0.2/turn               (no ring)
                                (no ring)
                                (no ring)

@: no status effects
A: almost no armour, stealthy swim, amphibious, 8 rings, constrict 8, camouflage
1, gelatinous body 1
a: Renounce Religion, Evoke Flight


You were on level 4 of the Dungeon.
You worshipped Sif Muna.
Sif Muna was noncommittal.
You were very hungry.

You visited 2 branches of the dungeon, and saw 5 of its levels.

You collected 83 gold pieces.

Inventory:

Hand Weapons
 k - a +1 dagger of electrocution
 t - the +7 whip "Ulaid" (weapon) {venom, +Fly}
   (You found it on level 4 of the Dungeon)

   It poisons the flesh of those it strikes.
   It lets you fly.
 y - a +0 dagger of freezing
Armour
 u - a +0 buckler (worn)
Jewellery
 l - a +4 ring of dexterity (left tentacle)
 w - a ring of protection from cold (right tentacle)
Scrolls
 a - 2 scrolls of teleportation {unknown}
 d - a scroll of enchant weapon {unknown}
 g - a scroll of magic mapping {unknown}
 i - a scroll of fear {unknown}
 j - 3 scrolls of remove curse {unknown}
 m - 2 scrolls of immolation {unknown}
 p - a scroll of blinking {unknown}
 q - a scroll of amnesia {unknown}
 r - 3 scrolls of identify {unknown}
Potions
 e - 2 potions of brilliance {unknown}
 f - 3 potions of curing {unknown}
 h - 2 potions of mutation {unknown}
 v - a potion of invisibility {unknown}
 x - a potion of lignification {unknown}
Books
 b - a book of Maledictions

   Spells                             Type                      Level
   a - Corona                         Hexes                        1
   b - Ensorcelled Hibernation        Hexes/Ice                    2
   c - Confuse                        Hexes                        3
   d - Tukima's Dance                 Hexes                        3
   e - Dazzling Spray                 Conjuration/Hexes            3
Comestibles
 c - 4 bread rations
 n - a royal jelly
 o - 8 fruits
 s - a meat ration


   Skills:
 - Level 1.0 Short Blades
 - Level 2.4 Dodging
 + Level 8.8 Stealth
 * Level 1.0 Shields
 - Level 2.0 Spellcasting
 - Level 3.0 Hexes
 + Level 0.8 Ice Magic


You had 3 spell levels left.
You knew the following spells:

 Your Spells              Type           Power        Failure   Level  Hunger
a - Corona                Hex            ##.....      7%          1    #......
b - Ensorcelled Hibernat  Hex/Ice        #.....       16%         2    ##.....
c - Confuse               Hex            ##......     21%         3    ###....


Dungeon Overview and Level Annotations

Branches:
Dungeon (4/15)             Temple (1/1) D:4

Altars:
Ashenzari
Cheibriados
Dithmenos
Elyvilon
Fedhas
Gozag
Hepliaklqana
Qazlal
Ru
Sif Muna
Trog
Uskayaw
Vehumet
Xom
The Shining One

Annotations:
D:4 Duvessa


Innate Abilities, Weirdness & Mutations

You cannot wear most types of armour.
You are very stealthy in the water. (Stealth+)
You are amphibious.
You can wear up to eight rings at the same time.
You can use your tentacles to constrict eight enemies at once.
Your skin changes colour to match your surroundings (Stealth+).
Your rubbery body absorbs attacks. (AC +1, EV +1)


Message History

The iguana closely misses you.
Duvessa rages.
You whack Duvessa!
Duvessa looks as sick as possible!
Duvessa is heavily wounded.
You constrict Duvessa, but do no damage.
The iguana closely misses you. You block Duvessa's attack.
Unknown command.
You hit Duvessa but do no damage.
Duvessa looks as sick as possible!
Duvessa is heavily wounded.
You constrict Duvessa, but do no damage.
Duvessa seems less confused.
Duvessa hits you with a short sword! The iguana barely misses you.
Unknown command.
You release your grip on Duvessa.
Duvessa rages.
The iguana bites you!
* * * LOW HITPOINT WARNING * * *
Duvessa barely misses you. Duvessa hits you with a short sword!
You die...

#. #......###.....
#.###### ##..##.
#.# #..# . #.# ...
#.# ##[#######
#.....l...
#..##########
#..le@.......
.......###########
#######


You could see Duvessa (berserk) and an iguana.

Vanquished Creatures
  The ghost of Zachthehappycat the Sneak, an amateur OpAs of Ru (D:3)
  Dowan (D:4)
  4 gnolls
  3 adders
  An ooze (D:3)
  An adder skeleton (D:4)
  2 worms
  3 leopard geckos
  An orc (D:4)
  3 giant cockroaches (D:3)
  5 hobgoblins
  7 kobolds
  A ball python (D:1)
  3 bats
  5 frilled lizards
  7 goblins
  5 rats
53 creatures vanquished.

Notes
Turn   | Place    | Note
-------+----------+-------------------------------------------
     0 | D:1      | greprep the Octopode Enchanter began the quest for the Orb.
     0 | D:1      | Reached XP level 1. HP: 11/11 MP: 3/3
   320 | D:1      | Reached XP level 2. HP: 17/17 MP: 5/5
   344 | D:1      | Reached skill level 5 in Stealth
   804 | D:2      | Reached XP level 3. HP: 21/21 MP: 6/6
   808 | D:2      | Learned a level 2 spell: Ensorcelled Hibernation
   812 | D:2      | Learned a level 3 spell: Confuse
  1059 | D:2      | Reached skill level 6 in Stealth
  1068 | D:2      | Noticed a hand axe
  1070 | D:2      | Noticed a hand axe
  1075 | D:2      | Found a hide-covered altar of Uskayaw.
  1679 | D:3      | Noticed Zachthehappycat's ghost (amateur OpAs)
  1720 | D:3      | Reached XP level 4. HP: 27/27 MP: 7/7
  2021 | D:3      | Reached skill level 7 in Stealth
  2457 | D:3      | Killed Zachthehappycat's ghost
  2457 | D:3      | Reached skill level 8 in Stealth
  2457 | D:3      | Reached XP level 5. HP: 22/31 MP: 2/8
  2720 | D:4      | Found a staircase to the Ecumenical Temple.
  2722 | D:4      | Got a dazzling whip
  2723 | D:4      | Identified the +7 whip "Ulaid" {venom, +Fly} (You found it on level 4 of the Dungeon)
  2742 | Temple   | Entered the Ecumenical Temple
  2839 | Temple   | Became a worshipper of Sif Muna the Loreminder
  3009 | D:4      | Noticed Dowan
  3019 | D:4      | Killed Dowan
  3019 | D:4      | Reached skill level 1 in Shields
  3019 | D:4      | Reached XP level 6. HP: 31/36 MP: 5/9
  3036 | D:4      | Noticed Duvessa
  3050 | D:4      | Slain by Duvessa

Skill      XL: |  1  2  3  4  5 |
---------------+----------------+-----
Stealth        | 5 6 8 |  8.8
Shields        | 1 |  1.0
Short Blades   | |  1.0
Dodging        | |  2.4
Spellcasting   | |  2.0
Hexes          | |  3.0
Ice Magic      | |  0.8

Action                   |  1- 3 |  4- 6 || total
-------------------------+-------+-------++-------
Melee: Dagger            |    54 |    26 ||    80
       Constrict         |     8 |     9 ||    17
       Tentacles         |     8 |     8 ||    16
       Whip              |       |    15 ||    15
 Cast: Ensorcelled Hiber |       |     5 ||     5
       Confuse           |       |     4 ||     4
 Stab: Sleeping          |    21 |     8 ||    29
       Confused          |       |     3 ||     3
  Eat: Chunk             |     2 |     4 ||     6
Armor: Skin              |     1 |       ||     1
Dodge: Dodged            |    22 |    15 ||    37
Block: Buckler           |       |     1 ||     1
